 Dungeon Crawl Stone Soup version 0.17.1-3-g152610e (webtiles) character file.

604 Peloso the Covered (level 7, 0/61 HPs)
             Began as a Minotaur Fighter on Feb 20, 2016.
             Killed from afar by an orc wizard (6 damage)
             ... with a puff of flame
             ... on level 4 of the Dungeon.
             The game lasted 00:08:42 (3826 turns).

Peloso the Covered (Minotaur Fighter)               Turns: 3826, Time: 00:08:42

Health: 0/61       AC: 14    Str: 21    XL:     7   Next: 18%
Magic:  6/6        EV:  7    Int:  5    God:
Gold:   242        SH: 10    Dex: 11    Spells: 0 memorised, 6 levels left

rFire  . . .     SeeInvis .     a - +0 long sword
rCold  . . .     Clarity  .     o - +0 chain mail
rNeg   . . .     SustAt   .     c - +0 shield
rPois  .         Gourm    .     u - +1 hat
rElec  .         Spirit   .     m - +2 cloak
rCorr  .         Warding  .     (no gloves)
rMut   +         Stasis   .     (no boots)
MR     .....                    j - amulet of resist mutation
Stlth  ..........               (no ring)
                                p - ring of stealth

@: not resistant to hostile enchantments, extremely unstealthy
A: retaliatory headbutt, horns 2
a: no special abilities


You were on level 4 of the Dungeon.
You were hungry.

You visited 1 branch of the dungeon, and saw 4 of its levels.

You collected 242 gold pieces.

Inventory:

Hand Weapons
 a - a +0 long sword (weapon)
 q - a +3 hand axe
 t - a +2 dagger of protection
Armour
 b - a +0 scale mail
 c - a +0 shield (worn)
 m - a +2 cloak (worn)
 o - a +0 chain mail (worn)
 u - a +1 hat (worn)
Jewellery
 g - a +3 ring of protection {unknown}
 j - an amulet of resist mutation (around neck)
 n - a cursed amulet of inaccuracy {unknown}
 p - a ring of stealth (left hand)
Scrolls
 h - 4 scrolls of remove curse {unknown}
 i - 4 scrolls of recharging {unknown}
 k - a scroll of enchant armour {unknown}
 l - a scroll of fear {unknown}
 s - a scroll of identify {unknown}
 x - a scroll of noise {unknown}
Potions
 d - a potion of might
 r - a potion of lignification {unknown}
 v - 2 potions of flight {unknown}
 w - 2 potions of curing {unknown}
Comestibles
 e - 3 bread rations
 f - 3 meat rations
 z - a chunk of flesh


   Skills:
 + Level 5.0 Fighting
 + Level 4.0 Long Blades
 + Level 6.3 Armour
 + Level 3.2 Dodging
 + Level 5.8 Shields


You had 6 spell levels left.
You didn't know any spells.

Dungeon Overview and Level Annotations

Branches:
Dungeon (4/15)
 Temple: D:4-7

Altars:
Elyvilon
Yredelemnul


Innate Abilities, Weirdness & Mutations

You reflexively headbutt those who attack you in melee.
You have a pair of horns on your head.


Message History

The orc hits you but does no damage.
You hit the orc priest. Your headbutt misses the orc priest.
The orc priest is heavily wounded.
Something hits you but does no damage.
The orc priest hits you but does no damage.
You hear some strange, mumbled words.
A magic dart appears from out of thin air!
The magic dart hits you! The orc hits you but does no damage.
You are feeling hungry.
You hit the orc priest.
The orc priest is severely wounded.
Something hits you but does no damage.
The orc priest mumbles some strange prayers to Beogh against you.
Something smites you!
* * * LOW HITPOINT WARNING * * *
The orc hits you but does no damage.
You hear some strange, mumbled words.
A puff of flame appears from out of thin air!
The puff of flame hits you!
You die...

#..........(..............#...
#.........................#...
#.......................###...
#.....................♣..##...
#......##.....##..........#...
#......##.....##....♣.....#...
#..#...##..............<..#...
#########...oo......♣.....#...
#...o{@.†..........#...
##...#######...♣..####. #...#
###...##.##. #...Z. ###....#..
#.... #....#.. #...o #....'..
#..oo #....#.. #.... #....#..
########


You could see an orc priest and 2 orcs.

Vanquished Creatures
  A centaur (D:3)
  A scorpion (D:4)
  Crazy Yiuf (D:3)
  4 orc wizards (D:4)
  Natasha (thrice) (D:2)
  An iguana (D:4)
  2 worker ants (D:4)
  A hound skeleton (D:4)
  Robin (D:3)
  4 gnolls (D:4)
  6 adders
  An ooze (D:1)
  2 worms
  4 giant geckos
  16 orcs
  2 ball pythons
  10 bats
  3 giant cockroaches
  16 goblins
  9 hobgoblins
  5 kobolds
  4 quokkas
  5 giant newts
  5 rats
107 creatures vanquished.

Notes
Turn   | Place    | Note
--------------------------------------------------------------
     0 | D:1      | Peloso the Minotaur Fighter began the quest for the Orb.
     0 | D:1      | Reached XP level 1. HP: 19/19 MP: 0/0
   116 | D:1      | Reached skill level 4 in Armour
   116 | D:1      | Reached XP level 2. HP: 27/27 MP: 1/1
   767 | D:2      | Found a white marble altar of Elyvilon.
   818 | D:2      | Noticed Natasha
   839 | D:2      | Killed Natasha
   839 | D:2      | Reached XP level 3. HP: 9/33 MP: 2/2
   905 | D:2      | Noticed Natasha
   907 | D:2      | Killed Natasha
  1020 | D:2      | Noticed Natasha
  1023 | D:2      | Killed Natasha
  1102 | D:2      | Reached XP level 4. HP: 31/40 MP: 3/3
  1206 | D:2      | Found a basalt altar of Yredelemnul.
  1891 | D:3      | Noticed a centaur
  1892 | D:3      | Noticed Robin
  1908 | D:3      | Killed a centaur
  1908 | D:3      | Reached skill level 5 in Armour
  1908 | D:3      | Reached skill level 1 in Dodging
  1908 | D:3      | Reached XP level 5. HP: 17/46 MP: 4/4
  1930 | D:3      | HP: 1/47 [hobgoblin[Robin] (5)]
  1931 | D:3      | Killed Robin
  1931 | D:3      | Reached skill level 5 in Shields
  2561 | D:3      | Noticed Crazy Yiuf
  2569 | D:3      | Killed Crazy Yiuf
  2618 | D:4      | Reached XP level 6. HP: 43/53 MP: 5/5
  3432 | D:4      | Reached skill level 6 in Armour
  3456 | D:4      | Reached XP level 7. HP: 40/60 MP: 6/6
  3811 | D:4      | Reached skill level 5 in Fighting
  3826 | D:4      | Killed from afar by an orc wizard

Action                   |  1- 3 |  4- 6 |  7- 9 || total
-------------------------+-------+-------+-------++-------
Melee: Long sword        |    70 |   258 |    33 ||   361
  Use: Potion            |       |     2 |       ||     2
  Eat: Chunk             |     1 |     6 |     1 ||     8
       Pizza             |       |     1 |       ||     1
